 Dungeon Sprint DCSS version bcrawl-1.14.2-1-gc900083943 (webtiles) character file.

Game seed: 16336701027362266104

378 MordorOrchid the Geomancer (level 6, -8/69 HPs)
             Began as a Fairy Earth Elementalist on Sept 22, 2019.
             Was an Initiate of Gozag.
             Mangled by an air elemental (9 damage)
             ... in the Dungeon (Sprint V: "Ziggurat Sprint").
             The game lasted 00:05:47 (190 turns).

MordorOrchid the Geomancer (FrEE)                    Turns: 190, Time: 00:05:48

Health: -8/69      AC:  5    Str: 23    XL:     6   Next: 74%
Magic:  7/17       EV: 25    Int: 20    God:    Gozag
Gold:   873        SH:  5    Dex: 18    Spells: 7/17 levels left

rFire    . . .     SeeInvis +   y - +14 obsidian axe {chop, +Fly SInv *Curse} (curse)
rCold    . . .     Gourm    .   (shield currently unavailable)
rNeg     . . .     Faith    .   (armour unavailable)
rPois    .         Spirit   .   (no helmet)
rElec    .         Reflect  .   (no cloak)
rCorr    .         Harm     .   (no gloves)
MR       .....     NoTele   +   (no boots)
Stlth    ..........             (no amulet)
HPRegen  0.21/turn              x - +6 ring of strength
MPRegen  0.15/turn              w - +6 ring of strength

@: mighty, agile, berserking, gold aura, flying evasively, mesmerised, very
slightly contaminated, hasted, invisible, very quick
A: small, magic attunement, unstealthy, unfitting armour, able to fly, AC/SH +5
a: Stop Flying, Potion Petition, Call Merchant, Bribe Branch, Renounce Religion


You were in the Dungeon.
You worshipped Gozag.
Gozag was pleased with you.
You were not hungry.

You visited 1 branch You collected 873 gold pieces.

Inventory:

Hand Weapons
 t - the +6 Majin-Bo {vamp, *Drain Str+12 Int+24}
   (You found it in the Dungeon)

   It inflicts no extra harm, but heals its wielder when it wounds a living foe.
   It affects your strength (+12).
   It affects your intelligence (+24).
   It causes draining when unequipped.
 y - the cursed +14 obsidian axe (weapon) {chop, +Fly SInv *Curse}
   (You found it in the Dungeon)

   It inflicts extra damage upon your enemies.
   It lets you see invisible.
   It lets you fly.
   It curses itself when equipped.
   It has a curse placed upon it.
Missiles
 b - 300 stones (quivered)
Armour
 z - the +18 shield of the Gong {rElec rN+ MR+ EV-5}
   (You found it in the Dungeon)

   It affects your evasion (-5).
   It insulates you from electricity.
   It protects you from negative energy.
   It affects your resistance to hostile enchantments.
Magical Staves
 r - an uncursed staff of energy
Jewellery
 u - a +6 ring of intelligence
 v - a +6 ring of intelligence
 w - a +6 ring of strength (right hand)
 x - a +6 ring of strength (left hand)
 H - an uncursed amulet of rage
Wands
 o - a wand of disintegration (6)
 p - a wand of iceblast (7)
 q - a wand of acid (7)
Scrolls
 i - 4 scrolls of blinking
 A - 4 scrolls of amnesia
 B - 7 scrolls of fog
 C - a scroll of holy word
 D - 5 scrolls of identify
 E - 5 scrolls of remove curse
 F - 2 scrolls of fear
 G - a scroll of acquirement
Potions
 a - 2 potions of brilliance
 d - 10 potions of curing
 e - 10 potions of heal wounds
 f - 4 potions of haste
 g - 7 potions of magic
 h - 2 potions of berserk rage
 k - 4 potions of resistance
 m - 3 potions of agility
 n - 4 potions of might
Miscellaneous
 l - a phial of floods
 s - a lightning rod (4/4)
Comestibles
 c - 7 rations {!d}


   Skills:
 - Level 6.2 Fighting
 * Level 4.7 Dodging
 - Level 1.5 Stealth
 * Level 8.3 Shields
 * Level 6.2 Spellcasting
 * Level 3.1 Transmutations
 + Level 8.9 Earth Magic
 * Level 4.9 Evocations


You had 7 spell levels left.
You knew the following spells:

 Your Spells              Type           Power        Failure   Level  Hunger
a - Sandblast             Erth           #####.       1%          1    None
d - Petrify               Tmut/Erth      ####....     9%          4    None
v - Lee's Rapid Deconstr  Erth           #####.....   8%          5    None

Your spell library contained the following spells:

 Spells                   Type           Power        Failure   Level  Hunger
 Passwall                 Tmut/Erth      ####....     1%          2    None
 Stone Arrow              Conj/Erth      ###...       4%          3    None
 Corpse Rot               Necr           N/A          16%         2    None
 Tree Form                Hex/Tmut       N/A          83%         5    None
 Summon Forest            Summ/Tloc      #.........   96%         5    None
 Poison Arrow             Conj/Pois      #.........   100%        6    None
 Summon Hydra             Summ           #.........   100%        6    None


Dungeon Overview and Level Annotations

Branches:
Dungeon (1/1)

Altars:
Ashenzari
Cheibriados
Dithmenos
Elyvilon
Fedhas
Gozag
Hepliaklqana
Kikubaaqudgha
Lugonu
Makhleb
Nemelex Xobeh
Okawaru
Qazlal
Ru
Sif Muna
Trog
Uskayaw
Vehumet
Wu Jian
Xom
Yredelemnul
Zin
The Shining One
Beogh
Jiyva

Annotations:
D 1 transporter


Innate Abilities, Weirdness & Mutations

Your spells do not cause hunger and MP costs are reduced by 1.
Your bright wings attract enemies. (Stealth-)
You cannot fit into any form of body armour.
Your shimmering scales are hard and can block incoming attacks. (AC +5, SH +5)
You are small and have problems with some larger weapons.
You can fly continuously.


Message History

* * * LOW HITPOINT WARNING * * *
The air elemental barely misses you. You block the air elemental's attack.
Unknown command.
You barely miss the air elemental. You closely miss the air elemental.
Visions of slaying the air elemental flood into your mind.
The air elemental barely misses you.
The air elemental completely misses you.
The air elemental barely misses you.
The air elemental becomes distracted by the nearby gold, dreaming of imaginary riches.
Your sun demon closely misses the air elemental.
The air elemental completely misses you.
You barely miss the air elemental.
The air elemental is no longer distracted by gold.
You hit the air elemental.
The air elemental completely misses you.
The air elemental misses you.
The air elemental completely misses you.
The air elemental hits you!
You die...
Your body crumbles into a pile of gold.

▓........▓........▓
▓.▓....▓.▓.▓....▓.▓
▓...©....▓...©....▓
▓▓▓▓▓▓▓▓▓▓▓▓▓▓▓▓▓▓▓
▓..8©8..▓ ▓..|}"..▓
▓$.}):$.▓ ▓..E....▓
▓..$@3..▓ ▓...E.$.▓
▓.......▓ ▓.▓...▓.▓
▓...©...▓ ▓▓▓▓▓▓▓▓▓


You could see 2 air elementals and a friendly sun demon.

Vanquished Creatures
  An air elemental (D)
  A small abomination (D)
  A wight (D)
  2 adders (D)
  2 shadow imps (D)
  A white imp (D)
  2 ufetubi (D)
  A bat zombie (D)
  A ball python (D)
  A leopard gecko zombie (D)
  A quokka skeleton (D)
14 creatures vanquished.

Vanquished Creatures (collateral kills)
  An eye of draining (D)
  3 oozes (D)
4 creatures vanquished.

Vanquished Creatures (others)
  3 insubstantial wisps (D)
3 creatures vanquished.

Grand Total: 21 creatures vanquished

Notes
Turn   | Place    | Note
-------+----------+-------------------------------------------
     0 | D        | MordorOrchid the Fairy Earth Elementalist began the quest
                  | for the Orb.
     0 | D        | Reached XP level 1. HP: 11/11 MP: 6/6
     0 | D        | Found a shimmering blue altar of Sif Muna.
     0 | D        | Found a sacrificial altar of Ru.
     0 | D        | Found a bloodstained altar of Trog.
     0 | D        | Found a stormy altar of Qazlal.
     0 | D        | Found an iron altar of Okawaru.
     0 | D        | Found a sparkling altar of Nemelex Xobeh.
     0 | D        | Found a blossoming altar of Fedhas.
     1 | D        | Found the +6 Majin-Bo {vamp, *Drain Str+12 Int+24}
     1 | D        | Found the +7 great mace "Firestarter" {inner flame, rF++}
     6 | D        | Found a corrupted altar of Lugonu.
     6 | D        | Found an ancient bone altar of Kikubaaqudgha.
     6 | D        | Found a burning altar of Makhleb.
     6 | D        | Found a transporter.
     6 | D        | Found a viscous altar of Jiyva.
     6 | D        | Found a hazy altar of Hepliaklqana.
    20 | D        | Found the +9 heavy crossbow "Sniper" {velocity, Acc+∞ SInv}
    20 | D        | Found the +10 dark maul {crush}
    20 | D        | Found the +15 Maxwell's patent armour {-Cast -Tele rElec
                  | MR+ rCorr}
    20 | D        | Found the +18 shield of the Gong {rElec rN+ MR+ EV-5}
    20 | D        | Found the cursed +14 obsidian axe {chop, +Fly SInv *Curse}
    22 | D        | Found an opulent altar of Gozag.
    29 | D        | Reached XP level 2. HP: 23/23 MP: 7/7
    37 | D        | Became a worshipper of Gozag Ym Sagoz the Greedy
    50 | D        | Entered arena 2.
    50 | D        | Noticed a wight
    50 | D        | Found a transporter.
    53 | D        | Killed a wight
    53 | D        | Reached skill level 5 in Earth Magic
    53 | D        | Reached skill level 1 in Evocations
    53 | D        | Reached XP level 3. HP: 28/28 MP: 7/9
    62 | D        | Entered arena 3.
    62 | D        | Found a transporter.
    67 | D        | Reached skill level 5 in Fighting
    68 | D        | Reached XP level 4. HP: 35/35 MP: 8/11
    79 | D        | Entered arena 4.
    79 | D        | Found a transporter.
    96 | D        | Entered arena 5.
    96 | D        | Found a transporter.
    99 | D        | Reached XP level 5. HP: 36/39 MP: 10/13
   127 | D        | Learned a level 4 spell: Petrify
   133 | D        | Learned a level 5 spell: Lee's Rapid Deconstruction
   156 | D        | Entered arena 6.
   156 | D        | Noticed a golden eye
   156 | D        | Noticed an eye of draining
   156 | D        | Found a transporter.
   165 | D        | Killed an eye of draining
   165 | D        | Reached skill level 5 in Spellcasting
   182 | D        | Entered arena 7.
   182 | D        | Noticed an air elemental
   182 | D        | Noticed an air elemental
   182 | D        | Noticed an insubstantial wisp
   182 | D        | Noticed an insubstantial wisp
   182 | D        | Noticed an air elemental
   182 | D        | Noticed an insubstantial wisp
   183 | D        | Found a transporter.
   186 | D        | Killed an insubstantial wisp
   186 | D        | Killed an insubstantial wisp
   186 | D        | Killed an insubstantial wisp
   188 | D        | Killed an air elemental
   188 | D        | Reached XP level 6. HP: 6/46 MP: 7/17
   188 | D        | HP: 1/69 [air elemental (5)]
   190 | D        | Mangled by an air elemental

Skill      XL: |  1  2  3  4  5 |
---------------+----------------+-----
Fighting       | 4 5 6 |  6.2
Shields        | 6 7 8 |  8.3
Spellcasting   | 3 4 6 |  6.2
Earth Magic    | 5 6 8 |  8.9
Evocations     | 1 2 3 4 |  4.9
Dodging        | 4 |  4.7
Transmutations | 3 |  3.1
Stealth        | |  1.5

Action                   |  1- 3 |  4- 6 || total
-------------------------+-------+-------++-------
Melee: Broad axe         |     3 |    13 ||    16
Evoke: Wand              |       |     1 ||     1
  Use: Potion            |     5 |     5 ||    10
 Stab: Sleeping          |     2 |       ||     2
       Invisible         |     1 |     1 ||     2
Armor: Skin              |       |     2 ||     2
Dodge: Dodged            |     3 |    32 ||    35
Block: Other             |       |     5 ||     5
